 Dungeon Crawl Stone Soup version 0.18-a0-837-gd08d4d7 (webtiles) character file.

64 Darkell the Ruffian (level 4, -2/39 HPs)
             Began as a Naga Transmuter on Dec 18, 2015.
             Slain by a worm (6 damage)
             ... on level 2 of the Dungeon.
             The game lasted 00:04:08 (2314 turns).

Darkell the Ruffian (Naga Transmuter)               Turns: 2314, Time: 00:04:10

Health: -2/39      AC:  3    Str: 10 (12) XL:     4   Next: 12%
Magic:  4/7        EV: 10    Int: 15      God:
Gold:   47         SH:  0    Dex: 11      Spells: 2 memorised, 5 levels left

rFire  . . .     SeeInvis +       - Unarmed
rCold  . . .     Gourm    .     b - +0 robe
rNeg   . . .     Faith    .     (no shield)
rPois  +         Spirit   .     (no helmet)
rElec  .         Dismiss  .     (no cloak)
rCorr  .         Reflect  .     f - +0 pair of gloves
SustAt .         Harm     .     (no barding)
MR     .....                    (no amulet)
Stlth  +.........               (no ring)
                                (no ring)

@: short of breath, appendage, very slow, not resistant to hostile enchantments,
very unstealthy
A: horns 2, see invisible, deformed body, poison resistance, slowness 2, slow
metabolism 1, spit poison 2, AC +1
a: Spit Poison, End Transformation


You were on level 2 of the Dungeon.
You were hungry.
You had grown temporary horns.
You visited 1 branch of the dungeon, and saw 2 of its levels.

You collected 47 gold pieces.

Inventory:

Missiles
 a - 39 arrows
Armour
 b - a +0 robe (worn)
 f - a +0 pair of gloves (worn)
 i - a +0 helmet
Scrolls
 e - 3 scrolls of identify {unknown}
 j - 2 scrolls of amnesia {unknown}
 l - a scroll of blinking {unknown}
Potions
 g - a potion of degeneration
 k - a potion of agility {unknown}
Books
 c - a book of Changes

   Spells                             Type                      Level
   a - Beastly Appendage              Transmutation                1
   b - Sticks to Snakes               Transmutation                2
   c - Spider Form                    Transmutation/Poison         3
   d - Ice Form                       Ice/Transmutation            4
   e - Blade Hands                    Transmutation                5
Comestibles
 d - 2 bread rations
 h - 2 beef jerkies


   Skills:
 + Level 2.0 Fighting
 + Level 1.9 Dodging
 + Level 3.2 Unarmed Combat
 * Level 2.6 Spellcasting
 * Level 2.6 Transmutations


You had 5 spell levels left.
You knew the following spells:

 Your Spells              Type           Power        Failure   Level  Hunger
a - Beastly Appendage     Trmt           #.....       10%         1    #......
b - Sticks to Snakes      Trmt           #.......     12%         2    ###....


Dungeon Overview and Level Annotations

Branches:
Dungeon (2/15)

Altars:


Innate Abilities, Weirdness & Mutations

You cannot wear boots.
Your serpentine skin is tough (AC +1).
You have supernaturally acute eyesight.
Armour fits poorly on your strangely shaped body.
Your system is resistant to poisons.
You cover ground very slowly.
You have a slow metabolism.
You can spit poison.
You have a pair of horns on your head.


Message History

Press: ? - help, Shift-Dir - straight line, f - worm
Aim: a worm (moderately wounded)
The splash of poison misses the worm.
You feel slightly more hungry. The worm bites you!
The hobgoblin closely misses you.
You hit the worm.
The worm is moderately wounded.
The worm bites you!
* * * LOW HITPOINT WARNING * * *
Casting: Beastly Appendage
Confirm with . or Enter, or press ? or * to list all spells.
You create a snake!
You now have 39 arrows.
The hobgoblin hits you with a club.
* * * LOW HITPOINT WARNING * * *
Drink which item? (? for menu, Esc to quit)
It was a potion of degeneration.
There was something very wrong with that liquid.
You feel weakened. The hobgoblin misses you. The giant gecko bites you.
* * * LOW HITPOINT WARNING * * *
Your adder bites the worm.
The worm bites you.
You die...

# #### .... #
...##.... #
#......# #
#......# # #......
# #.###.... #
#..Swlg#
########### #@.#
#.......... #..#
#.#########
#..###+#.###
#..##......#
#######..##......#
.........##......#
........)##......#
.................#
####
.......####......#
#...


You could see a worm, a giant gecko, a hobgoblin and a friendly adder.

Vanquished Creatures
  2 adders (D:2)
  An ooze (D:2)
  2 worms (D:2)
  A giant gecko (D:1)
  2 bats
  2 giant cockroaches
  5 goblins
  3 hobgoblins
  2 jackals (D:2)
  5 kobolds
  2 quokkas (D:2)
  2 giant newts
  3 rats (D:1)
32 creatures vanquished.

Notes
Turn   | Place    | Note
--------------------------------------------------------------
     0 | D:1      | Darkell the Naga Transmuter began the quest for the Orb.
     0 | D:1      | Reached XP level 1. HP: 18/18 MP: 3/3
   698 | D:1      | Reached XP level 2. HP: 19/25 MP: 5/5
   727 | D:1      | HP: 1/25 [bat (1)]
   769 | D:1      | Learned a level 2 spell: Sticks to Snakes
  1387 | D:2      | Reached XP level 3. HP: 11/31 MP: 3/6
  2140 | D:2      | Reached XP level 4. HP: 26/39 MP: 5/7
  2314 | D:2      | Slain by a worm

Vault maps used:
D:1:      minmay_arrival_arboretum_small

Action                   |  1- 3 |  4- 6 || total
-------------------------+-------+-------++-------
Melee: Unarmed           |   121 |    20 ||   141
 Cast: Beastly Appendage |     9 |     1 ||    10
       Sticks to Snakes  |       |     1 ||     1
 Abil: Spit Poison       |     7 |     1 ||     8
  Use: Potion            |     1 |     1 ||     2
       Scroll            |     1 |       ||     1
  Eat: Chunk             |     3 |       ||     3
